[ AOE2 MATCH · #477604255 ]
UnrankedBengalis vs Saracens
[ REPLAY ANALYSIS · EXTRACTED FROM THE RECORDED GAME ]
Feudal
—
Castle
—
Imperial
—
| APM avg | 49.8 |
| APM peak | 64 |
| eAPM avg | 19.5 |
| Villagers / military | 21 / 0 |
Focus
⚔️ 30.7% · 🌾 69.3%
Feudal
—
Castle
—
Imperial
—
| APM avg | 95.2 |
| APM peak | 112 |
| eAPM avg | 42.4 |
| Villagers / military | 16 / 0 |
Focus
⚔️ 70.4% · 🌾 29.6%
Feudal
—
Castle
—
Imperial
—
| APM avg | 21.9 |
| APM peak | 29 |
| eAPM avg | 10.3 |
| Villagers / military | 15 / 0 |
Focus
⚔️ 14.6% · 🌾 85.4%
Feudal
—
Castle
—
Imperial
—
| APM avg | 42.2 |
| APM peak | 57 |
| eAPM avg | 14.3 |
| Villagers / military | 19 / 0 |
Focus
⚔️ 20.6% · 🌾 79.4%
Feudal
—
Castle
—
Imperial
—
| APM avg | 54.1 |
| APM peak | 71 |
| eAPM avg | 18.5 |
| Villagers / military | 19 / 0 |
Focus
⚔️ 47.3% · 🌾 52.7%
Feudal
—
Castle
—
Imperial
—
| APM avg | 52.3 |
| APM peak | 70 |
| eAPM avg | 21.2 |
| Villagers / military | 20 / 0 |
Focus
⚔️ 24.5% · 🌾 75.5%
Feudal
—
Castle
—
Imperial
—
| APM avg | 31.0 |
| APM peak | 58 |
| eAPM avg | 12.5 |
| Villagers / military | 14 / 0 |
Focus
⚔️ 30.5% · 🌾 69.5%
Feudal
—
Castle
—
Imperial
—
| APM avg | 59.7 |
| APM peak | 98 |
| eAPM avg | 25.7 |
| Villagers / military | 21 / 0 |
Focus
⚔️ 18.7% · 🌾 81.3%
Match map
Initial resources + every placement click. Lines = walls · curves = elevation contours. ◆ gold · ⬟ stone · ● berries · ✦ relic · ◌ wall gap
Your base
[SotC] Spirit's base
Frafn's base
[BÜN] Nehekbo's base
ELEG | IronLeg's base
[BÜN] Schmirgel's base
| ArCas |SirLaPonia's base
[SotC] Nettis's base
Smoothed initial terrain · ◌ = detected wall gap · hover for details
Inputs per minute
— LM | Kingofwinning123 - - [SotC] Spirit
Build order — LM | Kingofwinning123
29 actions detected in the replay
| 0:00 | Queue | Villager (Male) |
| 0:01 | Queue | Villager (Male) |
| 0:01 | Queue | Villager (Male) |
| 0:02 | Queue | Villager (Male) |
| 0:03 | Build | House |
| 0:05 | Build | House |
| 1:27 | Queue | Villager (Male) |
| 1:27 | Queue | Villager (Male) |
| 1:45 | Build | Lumber Camp |
| 1:51 | Queue | Villager (Male) |
| 1:55 | Build | Lumber Camp |
| 2:04 | Queue | Villager (Male) |
| 2:32 | Queue | Villager (Male) |
| 2:32 | Queue | Villager (Male) |
| 3:00 | Queue | Villager (Male) |
| 3:01 | Queue | Villager (Male) |
| 3:38 | Queue | Villager (Male) |
| 3:57 | Queue | Villager (Male) |
| 3:58 | Queue | Villager (Male) |
| 3:59 | Build | House |
| 4:19 | Build | Mill |
| 4:21 | Queue | Villager (Male) |
| 4:33 | Queue | Villager (Male) |
| 4:34 | Queue | Villager (Male) |
| 5:00 | Queue | Villager (Male) |
| 5:01 | Queue | Villager (Male) |
| 5:04 | Build | House |
| 5:06 | Build | Palisade Wall |
| 5:12 | Queue | Villager (Male) |
Build order — [SotC] Spirit
26 actions detected in the replay
| 0:03 | Queue | Villager (Male) |
| 0:03 | Queue | Villager (Male) |
| 0:03 | Queue | Villager (Male) |
| 0:04 | Build | House |
| 0:05 | Build | House |
| 0:08 | Queue | Villager (Male) |
| 0:43 | Build | Palisade Gate |
| 0:46 | Build | Palisade Gate |
| 0:53 | Build | Palisade Gate |
| 1:00 | Build | Palisade Gate |
| 1:13 | Build | Palisade Wall |
| 1:20 | Build | Palisade Wall |
| 1:21 | Build | Palisade Wall |
| 1:40 | Queue | Villager (Male) |
| 2:04 | Queue | Villager (Male) |
| 2:17 | Queue | Villager (Male) |
| 2:17 | Queue | Villager (Male) |
| 2:58 | Queue | Villager (Male) |
| 3:03 | Queue | Villager (Male) |
| 3:17 | Queue | Villager (Male) |
| 3:17 | Queue | Villager (Male) |
| 3:49 | Queue | Villager (Male) |
| 3:55 | Build | House |
| 4:22 | Queue | Villager (Male) |
| 4:35 | Queue | Villager (Male) |
| 4:39 | Queue | Villager (Male) |
Build order — Frafn
18 actions detected in the replay
| 0:06 | Build | House |
| 0:10 | Build | House |
| 0:12 | Queue | Villager (Male) |
| 0:13 | Queue | Villager (Male) |
| 0:13 | Queue | Villager (Male) |
| 0:30 | Queue | Villager (Male) |
| 0:31 | Queue | Villager (Male) |
| 1:38 | Build | Settlement |
| 1:43 | Queue | Villager (Male) |
| 2:13 | Queue | Villager (Male) |
| 2:38 | Queue | Villager (Male) |
| 3:05 | Queue | Villager (Male) |
| 3:36 | Queue | Villager (Male) |
| 4:00 | Queue | Villager (Male) |
| 4:00 | Queue | Villager (Male) |
| 4:17 | Queue | Villager (Male) |
| 4:32 | Queue | Villager (Male) |
| 5:12 | Queue | Villager (Male) |
Build order — [BÜN] Nehekbo
22 actions detected in the replay
| 0:01 | Queue | Villager (Male) |
| 0:01 | Queue | Villager (Male) |
| 0:02 | Build | House |
| 0:04 | Build | House |
| 0:08 | Queue | Villager (Male) |
| 0:09 | Queue | Villager (Male) |
| 0:09 | Queue | Villager (Male) |
| 1:28 | Queue | Villager (Male) |
| 1:29 | Queue | Villager (Male) |
| 1:50 | Queue | Villager (Male) |
| 1:50 | Queue | Villager (Male) |
| 2:04 | Build | Settlement |
| 2:15 | Queue | Villager (Male) |
| 2:15 | Queue | Villager (Male) |
| 2:46 | Queue | Villager (Male) |
| 2:46 | Queue | Villager (Male) |
| 3:02 | Queue | Villager (Male) |
| 3:38 | Queue | Villager (Male) |
| 4:02 | Queue | Villager (Male) |
| 4:20 | Queue | Villager (Male) |
| 4:47 | Queue | Villager (Male) |
| 4:53 | Queue | Villager (Male) |
Build order — ELEG | IronLeg
24 actions detected in the replay
| 0:02 | Queue | Villager (Male) |
| 0:03 | Build | House |
| 0:04 | Build | House |
| 0:04 | Queue | Villager (Male) |
| 0:12 | Queue | Villager (Male) |
| 0:16 | Queue | Villager (Male) |
| 0:16 | Queue | Villager (Male) |
| 1:11 | Queue | Villager (Male) |
| 1:11 | Queue | Villager (Male) |
| 1:40 | Queue | Villager (Male) |
| 1:54 | Build | Lumber Camp |
| 2:06 | Queue | Villager (Male) |
| 2:07 | Queue | Villager (Male) |
| 2:43 | Queue | Villager (Male) |
| 3:09 | Queue | Villager (Male) |
| 3:32 | Queue | Villager (Male) |
| 3:35 | Build | House |
| 3:48 | Queue | Villager (Male) |
| 4:12 | Build | House |
| 4:41 | Queue | Villager (Male) |
| 4:41 | Queue | Villager (Male) |
| 4:58 | Queue | Villager (Male) |
| 4:58 | Queue | Villager (Male) |
| 5:11 | Queue | Villager (Male) |
Build order — [BÜN] Schmirgel
25 actions detected in the replay
| 0:02 | Queue | Villager (Male) |
| 0:02 | Queue | Villager (Male) |
| 0:03 | Build | House |
| 0:04 | Build | House |
| 0:06 | Queue | Villager (Male) |
| 0:06 | Queue | Villager (Male) |
| 0:06 | Queue | Villager (Male) |
| 0:09 | Queue | Villager (Male) |
| 1:26 | Queue | Villager (Male) |
| 2:01 | Queue | Villager (Male) |
| 2:24 | Queue | Villager (Male) |
| 2:37 | Queue | Villager (Male) |
| 2:37 | Queue | Villager (Male) |
| 2:48 | Build | Lumber Camp |
| 3:08 | Queue | Villager (Male) |
| 3:09 | Queue | Villager (Male) |
| 3:09 | Queue | Villager (Male) |
| 3:45 | Queue | Villager (Male) |
| 3:46 | Queue | Villager (Male) |
| 3:46 | Queue | Villager (Male) |
| 3:56 | Build | House |
| 4:41 | Queue | Villager (Male) |
| 4:41 | Queue | Villager (Male) |
| 5:05 | Build | Mill |
| 5:20 | Queue | Villager (Male) |
Build order — | ArCas |SirLaPonia
19 actions detected in the replay
| 0:04 | Queue | Villager (Male) |
| 0:08 | Queue | Villager (Male) |
| 0:09 | Build | House |
| 0:10 | Build | House |
| 0:16 | Queue | Villager (Male) |
| 0:27 | Queue | Villager (Male) |
| 0:28 | Queue | Villager (Male) |
| 0:28 | Queue | Villager (Male) |
| 1:40 | Queue | Villager (Male) |
| 1:40 | Queue | Villager (Male) |
| 2:04 | Queue | Villager (Male) |
| 2:04 | Queue | Villager (Male) |
| 2:15 | Build | Mule Cart |
| 2:26 | Queue | Villager (Male) |
| 2:45 | Build | House |
| 2:47 | Build | House |
| 2:57 | Queue | Villager (Male) |
| 3:30 | Queue | Villager (Male) |
| 3:30 | Queue | Villager (Male) |
Build order — [SotC] Nettis
26 actions detected in the replay
| 0:03 | Build | House |
| 0:05 | Build | House |
| 0:06 | Queue | Villager (Male) |
| 0:06 | Queue | Villager (Male) |
| 0:06 | Queue | Villager (Male) |
| 0:06 | Queue | Villager (Male) |
| 0:06 | Queue | Villager (Male) |
| 1:29 | Queue | Villager (Male) |
| 1:30 | Queue | Villager (Male) |
| 1:58 | Build | Settlement |
| 2:05 | Queue | Villager (Male) |
| 2:05 | Queue | Villager (Male) |
| 2:19 | Queue | Villager (Male) |
| 2:52 | Queue | Villager (Male) |
| 2:53 | Queue | Villager (Male) |
| 3:06 | Queue | Villager (Male) |
| 3:36 | Build | House |
| 3:44 | Queue | Villager (Male) |
| 3:44 | Queue | Villager (Male) |
| 4:17 | Queue | Villager (Male) |
| 4:17 | Queue | Villager (Male) |
| 4:37 | Queue | Villager (Male) |
| 4:37 | Queue | Villager (Male) |
| 4:59 | Queue | Villager (Male) |
| 5:08 | Build | Settlement |
| 5:16 | Queue | Villager (Male) |
Match timeline
| 1:13 | [SotC] Spirit · wall_segment Palisade Wall x1 |
| 1:20 | [SotC] Spirit · wall_segment Palisade Wall x1 |
| 1:21 | [SotC] Spirit · wall_segment Palisade Wall x1 |
| 4:09 | | ArCas |SirLaPonia · resign |
| 5:06 | LM | Kingofwinning123 · wall_segment Palisade Wall x13 |
[ AI ANALYSIS · 1 CREDIT ]
What really happened in this match?
Wolo.gg analyzes every decision: build order, eco, micro, common mistakes by bracket. Personalized analysis on WhatsApp or Discord in 30 seconds.
Civ guide
Bengalis
Perfil
Jugador #22851387